Map: Dash and Terminal LE (Void)

Players

llllllllllll

  • Race: Terran Terran
  • League: Grandmaster

SticklerMac - Winner!

  • Race: Terran Terran
  • League: Bronze

VOD

Have the link to the VOD?

Description

Time

  • Played on: July 28, 2015, 8:29 a.m.
  • Length: 4:31
Show
View Real Time Build Order
Export as new Build Order

llllllllllll Terran 

Build Orders:  

Get SALT Encoding   

  12  0:01  SCV  
  13  0:13  SCV  
  14  0:24  Refinery  
  14  0:37  Supply Depot  
  14  0:42  SCV  
  15  1:00  Refinery  
  15  1:01  SCV  
  16  1:08  Barracks  
  16  1:15  SCV  
  17  1:27  SCV  
  18  1:50  Command Center  
  18  1:55  Marine  
  18  2:00  SCV  
  20  2:08  Supply Depot  
  20  2:35  Factory  
  20  2:39  Supply Depot  
  20  2:44  Orbital Command  
  20  2:49  Marine  
  21  3:05  Orbital Command  
  21  3:13  SCV  
  21  3:19  Supply Depot  
  22  3:26  Starport  
  22  3:30  SCV  
  23  3:39  Widow Mine  
  24  3:44  Marine  
  25  3:52  SCV  
  26  4:02  Marine  
  27  4:07  Bunker  
Show
View Real Time Build Order
Export as new Build Order

SticklerMac Terran - Winner!

Build Orders:  

Get SALT Encoding   

  12  0:01  SCV  
  13  0:13  SCV  
  14  0:18  Supply Depot  
  14  0:25  SCV  
  15  0:40  SCV  
  15  0:42  Barracks  
  16  0:47  Refinery  
  16  0:59  SCV  
  17  1:07  Barracks  
  17  1:11  SCV  
  18  1:31  Supply Depot  
  18  1:36  SCV  
  18  1:37  Barracks Reactor  
  19  1:43  Barracks  
  19  1:48  SCV  
  19  1:52  Refinery  
  20  1:58  Barracks Tech Lab  
  20  2:03  SCV  
  21  2:15  SCV  
  22  2:19  Stimpack  
  22  2:20  Marine x2  
  24  2:24  Marine  
  24  2:27  SCV  
  26  2:31  Barracks Reactor  
  26  2:36  Supply Depot  
  26  2:43  Marauder  
  28  2:49  Orbital Command  
  28  3:03  Supply Depot  
  28  3:04  Marine  
  28  3:05  Marine  
  30  3:13  Marine  
  30  3:14  Marine x2  
  33  3:22  Marine x2  
  35  3:31  Marine x2  
  35  3:33  Marine  
  38  3:40  Marine x2  
  40  3:49  Marine x2  
  40  3:50  Marine  
  43  3:58  Marine x2  
  45  4:07  Marine x2  
  45  4:09  Supply Depot  
Tags
 
Add a new tag
Caveats
  • Supply blocks, unpowered buildings, or Contaminate may cause inaccurate times.
  • Supply counts are checked every 10 seconds.